 Dungeon Crawl Stone Soup version 0.17-a0-2147-gfb20a63 (webtiles) character file.

18 Duffy the Sneak (level 2, -1/22 HPs)
             Began as a Naga Enchanter on Oct 24, 2015.
             Slain by a hobgoblin
             ... wielding a +0 club
              (2 damage)
             ... on level 1 of the Dungeon.
             The game lasted 00:00:58 (501 turns).

Duffy the Sneak (Naga Enchanter)                     Turns: 501, Time: 00:00:58

Health: -1/22      AC:  2    Str: 10    XL:     2   Next: 66%
Magic:  5/5        EV: 10    Int: 15    God:
Gold:   42         SH:  0    Dex: 11    Spells: 2 memorised, 2 levels left

rFire  . . .     SeeInvis +     a - +1 dagger
rCold  . . .     Clarity  .     b - +1 robe
rNeg   . . .     SustAt   .     (no shield)
rPois  +         Gourm    .     (no helmet)
rElec  .         Spirit   .     (no cloak)
rCorr  .         Warding  .     (no gloves)
rMut   .         Stasis   .     (no barding)
MR     .....                    (no amulet)
Stlth  +++.......               (no ring)
                                (no ring)

@: very slow, not resistant to hostile enchantments, fairly stealthy
A: see invisible, deformed body, poison resistance, slowness 2, slow metabolism
1, spit poison 2, AC +0
a: Spit Poison


You were on level 1 of the Dungeon.
You were not hungry.

You visited 1 branch of the dungeon, and saw 1 of its levels.

You collected 42 gold pieces.


Innate Abilities, Weirdness & Mutations

You cannot wear boots.
Your serpentine skin is tough (AC +0).
You have supernaturally acute eyesight.
Armour fits poorly on your strangely shaped body.
Your system is resistant to poisons.
You cover ground very slowly.
You have a slow metabolism.
You can spit poison.


   Skills:
 + Level 1.9 Short Blades
 - Level 1.5 Dodging
 - Level 4.4 Stealth
 - Level 2.0 Spellcasting
 + Level 3.4 Hexes


You had 2 spell levels left.
You knew the following spells:

 Your Spells              Type           Power        Failure   Level  Hunger
a - Ensorcelled Hibernat  Hex/Ice        #.....       17%         2    ###....
r - Corona                Hex            ##.....      8%          1    #......

Inventory:

Hand Weapons
 a - a +1 dagger (weapon)
Armour
 b - a +1 robe (worn)
Scrolls
 e - a scroll of remove curse {unknown}
 f - a scroll of identify {unknown}
Books
 c - a book of Maledictions
Comestibles
 d - a bread ration

Dungeon Overview and Level Annotations

Branches:
Dungeon (1/15)

Altars:


Message History

The hobgoblin shouts!
You feel slightly more hungry.
Found 12 gold pieces.
The hobgoblin shouts!
The hobgoblin hits you with a club.
You hit the hobgoblin.
The hobgoblin is heavily wounded.
The hobgoblin closely misses you. The hobgoblin hits you with a club.
A ball python comes into view.
You have got your breath back.
The hobgoblin barely misses you. The hobgoblin hits you with a club.
The rat bites you. The hobgoblin barely misses you.
You are too injured to fight recklessly!
You hit the rat.
You kill the rat!
You closely miss the hobgoblin.
The hobgoblin hits you but does no damage.
You hit the hobgoblin.
The hobgoblin is lightly wounded.
You closely miss the hobgoblin.
The hobgoblin is lightly wounded.
The hobgoblin hits you with a club.
You hit the hobgoblin.
The hobgoblin is severely wounded.
The hobgoblin hits you with a club.
You closely miss the hobgoblin.
The hobgoblin is severely wounded.
The hobgoblin closely misses you.
You hit the hobgoblin but do no damage.
The hobgoblin is severely wounded.
You hit the hobgoblin.
The hobgoblin is almost dead.
The hobgoblin hits you with a club.
You die...

# ########.. #......... .
#......... .. ######
##......... ...#....#
#.......... ........#
#........#
........######.....####
............@gg........
.............###.......$.
....#####....##..........
...+...†.....+..........
...#####.....#..........
..#.#.#.#....#......S...
.............#.........
...#.#.#.#.............
................##


You could see 2 hobgoblins.

Action                   || total
-------------------------++-------
Melee: Dagger            ||    24
 Abil: Spit Poison       ||    14

Notes
Turn   | Place    | Note
--------------------------------------------------------------
     0 | D:1      | Duffy the Naga Enchanter began the quest for the Orb.
     0 | D:1      | Reached XP level 1. HP: 15/15 MP: 3/3
   333 | D:1      | Reached XP level 2. HP: 19/22 MP: 5/5
   455 | D:1      | Learned a level 2 spell: Ensorcelled Hibernation
   501 | D:1      | Slain by a hobgoblin

Vault maps used:
D:1:      erik_arrival_orb_chamber, hangedman_glass_teeth, st_stairs_12

Vanquished Creatures
  An adder
  A goblin
  5 kobolds
  2 giant newts
  2 rats
11 creatures vanquished.
